 Dungeon Crawl Stone Soup version 0.30-a0-422-g946f4849ff (webtiles) character file.

Game seed: 279570933392809614

132 inmateoo the Trooper (level 4, 0/35 HPs)
             Began as a Demonspawn Fighter on Dec 9, 2022.
             Slain by a black bear (3 damage)
             ... on level 7 of the Dungeon.
             The game lasted 00:03:15 (2936 turns).

inmateoo the Trooper (Demonspawn Fighter)           Turns: 2936, Time: 00:03:16

Health: 0/35       AC: 12    Str: 18    XL:     4   Next: 92%
Magic:  4/4        EV:  9    Int: 10    God:
Gold:   176        SH:  5    Dex: 18    Spells: 3/3 levels left

rFire   . . .      SeeInvis .      - Unarmed
rCold   . . .      Faith    .    b - +0 buckler
rNeg    . . .      Spirit   .    a - +0 scale mail
rPois   .          Reflect  .    (no helmet)
rElec   .          Harm     .    g - +1 cloak
rCorr   .          Rampage  .    (no gloves)
Will    .....                    e - +0 pair of boots
Stlth   ..........               (no amulet)
HPRegen 0.25/turn                f - +6 ring of dexterity
MPRegen 0.09/turn                (no ring)

@: no status effects
A: icy blue scales 1, ignite blood 1
a: no special abilities


You were on level 7 of the Dungeon.
You visited 1 branch of the dungeon, and saw 6 of its levels.

You collected 176 gold pieces.

Inventory:

Armour
 a - a +0 scale mail (worn)
 b - a +0 buckler (worn)
 e - a +0 pair of boots (worn)
 g - a +1 cloak (worn)
Jewellery
 f - a +6 ring of dexterity (left hand)
Scrolls
 h - a scroll of fear
 j - a scroll of enchant armour
 q - 2 scrolls of teleportation
 r - a scroll of immolation {unknown}
Potions
 c - a potion of might
 d - a potion of haste
 i - 2 potions of brilliance
 k - a potion of heal wounds {unknown}
 l - a potion of flight
 m - a potion of berserk rage {unknown}
 n - 2 potions of invisibility {unknown}
 p - 5 potions of attraction {unknown}
 s - a potion of mutation {unknown}
 t - a potion of lignification {unknown}


   Skills:
 + Level 3.5 Fighting
 + Level 3.1 Armour
 + Level 1.4 Dodging
 + Level 3.2 Shields
 * Level 3.1 Unarmed Combat


You had 3 spell levels left.
You didn't know any spells.
Your spell library contained the following spells:

 Spells                   Type           Power      Damage    Failure   Level
 Cigotuvi's Dreadful Rot  Necr/Pois/Air  0%         N/A       93%         2
 Dispel Undead            Necr           0%         3d6       100%        4
 Death Channel            Necr           0%         N/A       100%        6


Dungeon Overview and Level Annotations

Branches:
Dungeon (7/15)
 Temple: D:4-7

Altars:


Innate Abilities, Weirdness & Mutations

You are partially covered in icy blue scales. (AC +2)
Your demonic aura sometimes causes spilled blood to erupt in flames.


Message History

The black bear is almost dead.
The black bear bites you!
The black bear claws you but does no damage.
You block the black bear's attack.
You hit the black bear.
The black bear is almost dead.
The black bear bites you but does no damage.
The black bear claws you but does no damage.
The black bear barely misses you.
You are too injured to fight recklessly!
You closely miss the black bear.
The black bear is almost dead.
The black bear bites you.
* * * LOW HITPOINT WARNING * * *
The black bear claws you but does no damage. x2
You block the black bear's attack.
The black bear claws you but does no damage. x2
You closely miss the black bear.
The black bear is almost dead.
The black bear barely misses you. You block the black bear's attack.
The black bear barely misses you.
Throw: throwing net
Press: ? - help, Q - select action Shift-Dir - straight line, f - black bear
Aim: a black bear (almost dead, berserk, 69% to hit)
You throw a throwing net. The throwing net hits the black bear.
The black bear is caught in the net!
The black bear is almost dead.
The black bear struggles against the net. x2
You hit the black bear.
The black bear is almost dead.
The black bear struggles against the net.
The net rips apart, and the black bear comes free!
The black bear bites you but does no damage.
The black bear claws you but does no damage. x2
You hit the black bear but do no damage.
The black bear is almost dead.
The black bear bites you.
* * * LOW HITPOINT WARNING * * *
The black bear claws you.
You die...

#### ..# # #.# #.
#.##### #..
#....@# #.#.
#####h####
.....######
#......#
#.......###.#.##.#
#.......#...#.##.#
#.......#.#......#
#.........#...#..#
#.......####.###.#
#........ #...#.o#


You could see a black bear (berserk).

Vanquished Creatures
  A hound (D:4)
  4 adders
  2 worms (D:2)
  A dart slug (D:4)
  2 orcs
  6 endoplasms
  A giant cockroach (D:2)
  4 goblins
  7 hobgoblins
  6 jackals
  4 ball pythons
  7 bats
  2 frilled lizards (D:3)
  4 kobolds
  4 rats
  A spectral hobgoblin (D:2)
56 creatures vanquished.

Notes
Turn   | Place    | Note
-------+----------+-------------------------------------------
     0 | D:1      | inmateoo the Demonspawn Fighter began the quest for the
                  | Orb.
     0 | D:1      | Reached XP level 1. HP: 18/18 MP: 1/1
   515 | D:1      | Gained mutation: Your demonic aura sometimes causes spilled
                  | blood to erupt in flames. [demonic ancestry]
   515 | D:1      | Reached XP level 2. HP: 19/24 MP: 2/2
  1127 | D:2      | Gained mutation: You are partially covered in icy blue
                  | scales. (AC +2) [demonic ancestry]
  1127 | D:2      | Reached XP level 3. HP: 28/29 MP: 3/3
  1161 | D:2      | Found a faded altar of an unknown god.
  1761 | D:3      | Reached skill level 1 in Dodging
  2116 | D:3      | Reached XP level 4. HP: 28/35 MP: 4/4
  2858 | D:4      | You fall into a shaft and drop 3 floors!
  2914 | D:6      | Noticed a black bear
  2936 | D:7      | Slain by a black bear

Illustrated notes

Levels and vault maps discovered:
D:1:      onia_arrival_pentagram, layout_loops_corners
D:2:      layout_basic, dreamdust_ecumenical_altar_drowned_temple
D:3:      layout_basic, minmay_mini_jars
D:4:      layout_loops_ring
D:6:      layout_cave_pools, kennysheep_doodads, uniq_maggie
D:7:      layout_loops_cross, minmay_temple_entry_grid, uniq_joseph, uniq_pikel

Skill      XL: |  1  2  3  4 |
---------------+-------------+-----
Unarmed Combat | 2 3 |  3.1
Shields        | 3 |  3.2
Dodging        | 1 |  1.4
Armour         | 3 |  3.1
Fighting       | |  3.5

Action                   |  1- 3 |  4- 6 || total
-------------------------+-------+-------++-------
Melee: Unarmed           |   221 |    90 ||   311
Throw: Throwing net      |       |     1 ||     1
  Use: Scroll            |     6 |     4 ||    10
Armor: Scale mail        |    93 |    58 ||   151
Dodge: Dodged            |    91 |    41 ||   132
Block: Buckler           |    46 |    28 ||    74

Table legend: (Time is in decaauts)
 A = Elapsed time spent in this place.
 B = Non-inter-level travel time spent in this place.
 C = Inter-level travel time spent in this place.
 D = Time resting spent in this place.
 E = Time spent auto-exploring this place.
 F = Levels seen in this place.
 G = Mean time per level.
                   A        B        C        D        E       F      G
               +--------+--------+--------+--------+--------+-----+--------+
         Total |   2940 |   2823 |    117 |    171 |   2044 |   6 |  490.0 |
       Dungeon |   2940 |   2823 |    117 |    171 |   2044 |   6 |  490.0 |
               +--------+--------+--------+--------+--------+-----+--------+

Top non-repeatable levels by time:
     D:1: 928 daAuts
     D:2: 829 daAuts
     D:3: 723 daAuts
     D:4: 382 daAuts
     D:7: 72 daAuts
     D:6: 4 daAuts
